 Dungeon Crawl Stone Soup version 0.26-a0-540-g8a0c9464d7 (webtiles) character file.

Game seed: 8351975941786543532

3173 Inarius the Skirmisher (level 9, -5/72 HPs)
             Began as a Mummy Wanderer on Aug 23, 2020.
             Was an Elder of Okawaru.
             Slain by a wyvern (13 damage)
             ... on level 8 of the Dungeon.
             The game lasted 00:11:56 (8717 turns).

Inarius the Skirmisher (Mummy Wanderer)             Turns: 8717, Time: 00:11:56

Health: -5/72      AC:  7    Str: 20    XL:     9   Next: 63%
Magic:  11/11      EV:  8    Int: 10    God:    Okawaru [****..]
Gold:   482        SH:  5    Dex: 11    Spells: 9/10 levels left

rFire    x . .     SeeInvis +   x - +2 hand axe (elec)
rCold    + + .     Faith    +   f - +1 buckler
rNeg     + + +     Spirit   .   m - +0 chain mail
rPois    ∞         Reflect  .   (no helmet)
rElec    .         Harm     .   (no cloak)
rCorr    .                      q - +0 pair of gloves
MR       +....                  (no boots)
Stlth    ..........             t - amulet of faith
HPRegen  0.22/turn              p - ring of see invisible
MPRegen  0.12/turn              r - ring of protection from cold

@: corroded
A: no potions, fire vulnerability, cold resistance 1, negative energy resistance
3, torment resistance, unbreathing
a: Heroism, Renounce Religion


You were on level 8 of the Dungeon.
You worshipped Okawaru.
Okawaru was greatly pleased with you.
You visited 1 branch of the dungeon, and saw 8 of its levels.

You collected 482 gold pieces.

Inventory:

Hand Weapons
 j - a +2 short sword of venom
 x - a +2 hand axe of electrocution (weapon)
 y - a +0 war axe
Missiles
 l - 2 boomerangs (quivered)
 s - 7 javelins
Armour
 f - a +1 buckler (worn)
 m - a +0 chain mail (worn)
 q - a +0 pair of gloves (worn)
 w - a +0 plate armour
Jewellery
 g - an uncursed amulet of guardian spirit {unknown}
 p - a ring of see invisible (left hand)
 r - a ring of protection from cold (right hand)
 t - an amulet of faith (around neck)
 v - an uncursed ring of resist corrosion {unknown}
 z - a +6 ring of strength {unknown}
Wands
 a - a wand of random effects (12)
 k - a wand of acid (2)
Scrolls
 c - 3 scrolls of remove curse
 d - 3 scrolls of enchant armour
 e - a scroll of immolation
 h - a scroll of enchant weapon
 i - a scroll of blinking
 n - 3 scrolls of teleportation
 o - 3 scrolls of identify
 u - 2 scrolls of magic mapping
Miscellaneous
 b - a condenser vane (2/2)


   Skills:
 * Level 7.3 Fighting
   Level 1.0 Long Blades
 * Level 4.9 Axes
 + Level 0.3 Throwing
 + Level 5.7 Armour
 - Level 0.9 Dodging
 - Level 1.5 Stealth
 + Level 3.0 Shields
 - Level 1.3 Spellcasting
 - Level 1.5 Translocations
 + Level 3.6 Invocations
 * Level 3.1 Evocations


You had 9 spell levels left.
You knew the following spells:

 Your Spells              Type           Power        Failure   Level
a - Apportation           Tloc           #.....       88%         1

Your spell library contained the following spells:

 Spells                   Type           Power        Failure   Level
 Corona                   Hex            #......      98%         1
 Summon Small Mammal      Summ           #...         98%         1
 Call Imp                 Summ           #.......     99%         2
 Ensorcelled Hibernation  Hex/Ice        #.....       99%         2
 Passwall                 Tmut/Erth      #.......     99%         2
 Swiftness                Air            #.......     99%         2
 Gell's Gravitas          Tloc           #.........   99%         3
 Call Canine Familiar     Summ           #.......     100%        3
 Confusing Touch          Hex            #.......     100%        3
 Dazzling Flash           Conj/Hex       #.....       100%        3
 Summon Guardian Golem    Hex/Summ       #.......     100%        3
 Tukima's Dance           Hex            #.......     100%        3
 Passage of Golubria      Tloc           N/A          100%        4
 Petrify                  Tmut/Erth      #.......     100%        4
 Summon Ice Beast         Ice/Summ       #.......     100%        4
 Summon Lightning Spire   Summ/Air       #.......     100%        4
 Lee's Rapid Deconstruct  Erth           #.........   100%        5
 Metabolic Englaciation   Hex/Ice        #.........   100%        5
 Yara's Violent Unravell  Hex/Tmut       #.........   100%        5
 Invisibility             Hex            #.......     100%        6


Dungeon Overview and Level Annotations

Branches:
Dungeon (8/15)             Temple (0/1) D:5
   Lair: D:8-11

Altars:
Okawaru
Ru
Xom


Innate Abilities, Weirdness & Mutations

You do not drink.
Your flesh is vulnerable to fire.
You are immune to poison.
Your flesh is cold resistant. (rC+)
You are immune to negative energy. (rN+++)
You are immune to unholy pain and torment.
You can survive without breathing.


Message History

The wyvern is almost dead.
The wyvern bites you!
* * * LOW HITPOINT WARNING * * *
A howler monkey comes into view.
You block the wyvern's attack.
Evoke which item? (* to show all) (? for menu, Esc to quit)
Aiming: Corrosive Bolt
Press: ? - help, Shift-Dir - straight line, f/p - wyvern
Aim: a wyvern (almost dead, covered in acid)
The bolt of acid misses the wyvern.
The howler monkey howls!
The wyvern closely misses you.
The howler monkey hoots and howls with incredible vigour!
The wyvern barely misses you.
Evoke which item? (* to show all) (? for menu, Esc to quit)
Aiming: Corrosive Bolt
Press: ? - help, Shift-Dir - straight line, f/p - wyvern
Aim: a wyvern (almost dead, covered in acid)
The bolt of acid misses the wyvern.
The wyvern bites you!
You die...

### . ..####### #..
##...##.# ######....
####..####
###.......h.
#.....###...@l..[#.
###...†......##.#..#
#####.#.#### # #####


You could see a wyvern (corroded) and a howler monkey (catching breath).

Vanquished Creatures
  A komodo dragon (D:8)
  A hippogriff (D:7)
  A wyvern (D:8)
  A basilisk (D:8)
  An acid dragon (D:8)
  An orc warrior (D:7)
  2 phantoms
  A black bear (D:6)
  2 ogres (D:4)
  4 centaurs
  3 bullfrogs
  A water moccasin skeleton (D:8)
  5 howler monkeys
  4 crimson imps (D:5)
  A centaur skeleton (D:8)
  5 hounds
  An orc priest (D:7)
  2 bullfrog skeletons (D:5)
  An iguana (D:4)
  6 orc wizards
  3 worker ants
  2 hound skeletons
  7 gnolls
  9 adders
  A howler monkey skeleton (D:8)
  4 white imps
  2 ufetubi
  2 oozes
  2 adder zombies (D:5)
  3 adder skeletons
  3 worms
  4 dart slugs
  5 leopard geckos
  28 orcs
  2 ball pythons
  4 giant cockroaches
  6 goblins
  5 hobgoblins
  8 jackals
  2 quokkas
  7 bats
  2 frilled lizards (D:1)
  A jackal skeleton (D:4)
  8 kobolds
  A quokka skeleton (D:5)
  7 rats
172 creatures vanquished.

Notes
Turn   | Place    | Note
-------+----------+-------------------------------------------
     0 | D:1      | Inarius the Mummy Wanderer began the quest for the Orb.
     0 | D:1      | Inarius set off with the following items: a +0 falchion, a
                  | condenser vane (2/2), a +0 robe, a +0 dagger; and the
                  | following spell memorised: Apportation; and the following
                  | spells available to memorise: Gell's Gravitas
     0 | D:1      | Reached XP level 1. HP: 16/16 MP: 2/2
   361 | D:1      | Reached XP level 2. HP: 6/23 MP: 4/4
   863 | D:1      | Reached skill level 1 in Armour
   999 | D:1      | Reached XP level 3. HP: 15/28 MP: 5/5
  1630 | D:2      | Reached skill level 3 in Fighting
  1645 | D:2      | Reached XP level 4. HP: 16/35 MP: 6/6
  1856 | D:2      | Found a sacrificial altar of Ru.
  1856 | D:2      | Found an iron altar of Okawaru.
  1902 | D:2      | Became a worshipper of Warmaster Okawaru
  2955 | D:3      | Reached XP level 5. HP: 40/41 MP: 7/7
  3393 | D:4      | Reached skill level 1 in Invocations
  3536 | D:4      | Noticed a phantom
  3550 | D:4      | Killed a phantom
  3550 | D:4      | Reached * piety under Okawaru
  3550 | D:4      | Reached skill level 4 in Fighting
  3550 | D:4      | Reached XP level 6. HP: 40/48 MP: 8/8
  3618 | D:4      | Reached skill level 1 in Axes
  3835 | D:4      | Reached XP level 7. HP: 5/55 MP: 9/9
  4589 | D:5      | Entered Level 5 of the Dungeon
  4620 | D:5      | Reached skill level 5 in Fighting
  4720 | D:5      | Reached ** piety under Okawaru
  4745 | D:5      | Got a brightly glowing short sword
  4746 | D:5      | Identified the cursed +1 short sword of Starshine {protect,
                  | rElec rC- Int+9 SInv} (You found it on level 5 of the
                  | Dungeon)
  4887 | D:5      | Reached skill level 1 in Shields
  4980 | D:5      | Found a shimmering altar of Xom.
  5239 | D:5      | Found a staircase to the Ecumenical Temple.
  5318 | D:5      | Reached XP level 8. HP: 47/63 MP: 10/10
  6093 | D:6      | Reached *** piety under Okawaru
  6093 | D:6      | Reached skill level 6 in Fighting
  7244 | D:7      | Noticed a hippogriff
  7254 | D:7      | Killed a hippogriff
  7254 | D:7      | Reached skill level 5 in Armour
  7336 | D:7      | Reached XP level 9. HP: 67/71 MP: 11/11
  7447 | D:7      | Reached **** piety under Okawaru
  8211 | D:8      | Reached skill level 7 in Fighting
  8621 | D:8      | Noticed a komodo dragon
  8631 | D:8      | Killed a komodo dragon
  8717 | D:8      | Slain by a wyvern

Illustrated notes

Levels and vault maps discovered:
D:1:      onia_arrival_mini_spirals, layout_loops_ring
D:2:      layout_basic, gammafunk_temple_overflow_wave
D:3:      layout_basic
D:4:      layout_loops_ring
D:5:      layout_loops_ring, led_xom_imps, minmay_temple_entry_enclosed_plants
D:6:      layout_loops_ring
D:7:      layout_gridville, hex_tiny
D:8:      layout_gridville, erik_lair_dragon

Skill      XL: |  1  2  3  4  5  6  7  8  9 |
---------------+----------------------------+-----
Armour         | 1 2 3 4 5 |  5.7
Evocations     | 2 3 |  3.1
Fighting       | 3 4 5 6 7 |  7.3
Invocations    | 1 2 3 |  3.6
Axes           | 1 2 3 4 |  4.9
Shields        | 1 2 3 |  3.0
Long Blades    | |  1.0
Throwing       | |  0.3
Dodging        | |  0.9
Stealth        | |  1.5
Spellcasting   | |  1.3
Translocations | |  1.5

Action                   |  1- 3 |  4- 6 |  7- 9 || total
-------------------------+-------+-------+-------++-------
Melee: Falchion          |    57 |       |       ||    57
       Dagger            |    82 |   122 |    65 ||   269
       Short sword       |       |    69 |   302 ||   371
       Hand axe          |       |       |    93 ||    93
Throw: Boomerang         |       |       |     8 ||     8
Evoke: Condenser vane    |       |     1 |       ||     1
       Wand              |       |     4 |     9 ||    13
  Use: Scroll            |       |       |     7 ||     7
 Stab: Sleeping          |     4 |       |       ||     4
       Paralysed         |       |       |     2 ||     2
Armor: Leather armour    |    29 |       |       ||    29
       Ring mail         |    13 |    24 |       ||    37
       Chain mail        |       |    69 |   269 ||   338
Dodge: Dodged            |    76 |    59 |   175 ||   310
Block: Buckler           |       |    21 |   123 ||   144
       Rpst.: Falchion   |     7 |       |       ||     7

Table legend: (Time is in decaauts)
 A = Elapsed time spent in this place.
 B = Non-inter-level travel time spent in this place.
 C = Inter-level travel time spent in this place.
 D = Time resting spent in this place.
 E = Time spent auto-exploring this place.
 F = Levels seen in this place.
 G = Mean time per level.
                   A        B        C        D        E       F      G
               +--------+--------+--------+--------+--------+-----+--------+
         Total |   8789 |   8499 |    290 |   1834 |   5081 |   8 | 1098.6 |
       Dungeon |   8789 |   8499 |    290 |   1834 |   5081 |   8 | 1098.6 |
               +--------+--------+--------+--------+--------+-----+--------+

Top non-repeatable levels by time:
     D:1: 1579 daAuts
     D:4: 1440 daAuts
     D:5: 1234 daAuts
     D:7: 1190 daAuts
     D:6: 1104 daAuts
     D:2: 1065 daAuts
     D:3: 646 daAuts
     D:8: 528 daAuts
